 Dungeon Crawl Stone Soup version 0.26.0-10-g1f06aea511 (webtiles) character file.

Game seed: 7158195638430389741

15 Dracia the Ducker (level 2, -2/22 HPs)
             Began as a Demonspawn Gladiator on Jan 23, 2021.
             Slain by a worm (10 damage)
             ... on level 2 of the Dungeon.
             The game lasted 00:00:47 (634 turns).

Dracia the Ducker (Demonspawn Gladiator)             Turns: 634, Time: 00:00:47

Health: -2/22      AC:  8    Str: 14    XL:     2   Next: 34%
Magic:  2/2        EV: 12    Int:  9    God:
Gold:   60         SH:  0    Dex: 14    Spells: 1/1 levels left

rFire    . . .     SeeInvis .   a - +0 quarterstaff
rCold    . . .     Faith    .   (shield currently unavailable)
rNeg     . . .     Spirit   .   i - +0 ring mail (curse)
rPois    .         Reflect  .   c - +0 helmet
rElec    .         Harm     .   (no cloak)
rCorr    .         Rampage  .   (no gloves)
Will     .....                  (no boots)
Stlth    +.........             (no amulet)
HPRegen  0.07/turn              (no ring)
MPRegen  0.08/turn              (no ring)

@: no status effects
A: slimy green scales 1
a: no special abilities


You were on level 2 of the Dungeon.
You visited 1 branch of the dungeon, and saw 2 of its levels.

You collected 60 gold pieces.


Innate Abilities, Weirdness & Mutations

You are partially covered in slimy green scales. (AC +2)


   Skills:
 - Level 2.0 Fighting
 - Level 2.6 Staves
 - Level 1.7 Throwing
 + Level 1.2 Armour
 + Level 3.1 Dodging


You had one spell level left.
You didn't know any spells.
Your spell library was empty.

Inventory:

Hand Weapons
 a - a +0 quarterstaff (weapon)
Missiles
 d - 3 throwing nets (quivered) {=f=f}
Armour
 b - a +0 leather armour
 c - a +0 helmet (worn)
 i - a cursed +0 ring mail (worn)
Scrolls
 g - 2 scrolls of teleportation {unknown}
 h - a scroll of random uselessness {unknown}
Potions
 e - 2 potions of might {unknown}
 f - a potion of haste {unknown}

Dungeon Overview and Level Annotations

Branches:
Dungeon (2/15)

Altars:

#### ..# #.#
#<####
#..@.#
####w#
#..†r#
#.)w♣.♣
#....$..
.r.#.♣.♣.♣
...##.#.....
..♣♣.
$.♣.♣.♣.♣ ♣
♣ #.#.....#


You could see a worm and a rat.


Message History

You closely miss the goblin.
The goblin is moderately wounded.
The goblin hits you but does no damage. The giant cockroach barely misses you.
You hit the goblin but do no damage.
The goblin is moderately wounded.
The giant cockroach completely misses you.
The goblin hits you but does no damage. The giant cockroach misses you.
The goblin hits you with a +0 dagger.
A rat comes into view.
You hit the goblin.
You kill the goblin!
The worm misses you. The giant cockroach misses you.
You thump the worm!
The worm is severely wounded.
The giant cockroach closely misses you. The worm bites you!
* * * LOW HITPOINT WARNING * * *
You are too injured to fight recklessly!
You are too injured to fight recklessly!
You are too injured to fight recklessly!
Unknown command.
Unknown command.
The giant cockroach barely misses you. x2
You are too injured to fight recklessly!
You are too injured to fight recklessly!
You are too injured to fight recklessly!
You are too injured to fight recklessly!
You hit the giant cockroach.
You kill the giant cockroach!
The worm bites you!
You die...

Skill      XL: |  1 |
---------------+----+-----
Dodging        | 3 |  3.1
Armour         | 1 |  1.2
Fighting       | |  2.0
Staves         | |  2.6
Throwing       | |  1.7

Action                   || total
-------------------------++-------
Melee: Quarterstaff      ||    31
Armor: Leather armour    ||     5
       Ring mail         ||     3
Dodge: Dodged            ||    21

Levels and vault maps discovered:
D:1:      minmay_arrival_stone_box, layout_rooms
D:2:      layout_loops_ring, serial_forest, infiniplex_forest_straight_2,
          infiniplex_forest_lined_room_2, infiniplex_forest_lined_2,
          infiniplex_forest_lined_2, infiniplex_forest_join,
          infiniplex_forest_clump_C, infiniplex_forest_3_way,
          infiniplex_forest_lined_3_way, nemelex_spade_bored_becter

Notes
Turn   | Place    | Note
-------+----------+-------------------------------------------
     0 | D:1      | Dracia the Demonspawn Gladiator began the quest for the
                  | Orb.
     0 | D:1      | Reached XP level 1. HP: 16/16 MP: 1/1
   232 | D:1      | Reached skill level 3 in Dodging
   236 | D:1      | Reached skill level 1 in Armour
   236 | D:1      | Gained mutation: You are partially covered in slimy green
                  | scales. (AC +2) [demonic ancestry]
   236 | D:1      | Reached XP level 2. HP: 20/22 MP: 2/2
   634 | D:2      | Slain by a worm

Vanquished Creatures
  4 giant cockroaches
  4 goblins
  2 kobolds (D:1)
  A bat (D:1)
  4 rats
15 creatures vanquished.

Table legend: (Time is in decaauts)
 A = Elapsed time spent in this place.
 B = Non-inter-level travel time spent in this place.
 C = Inter-level travel time spent in this place.
 D = Time resting spent in this place.
 E = Time spent auto-exploring this place.
 F = Levels seen in this place.
 G = Mean time per level.
                   A        B        C        D        E       F      G
               +--------+--------+--------+--------+--------+-----+--------+
         Total |    638 |    551 |     87 |      0 |    461 |   2 |  319.0 |
       Dungeon |    638 |    551 |     87 |      0 |    461 |   2 |  319.0 |
               +--------+--------+--------+--------+--------+-----+--------+

Top non-repeatable levels by time:
     D:1: 621 daAuts
     D:2: 17 daAuts

Table legend:
 A = Non-vault XP
 B = Vault XP
 C = Vault XP percentage of total XP
 D = Non-vault monster count
 E = Vault monster count
 F = Vault count percentage of total count
                 A         B        C        D         E       F
            +---------+---------+-------+---------+---------+-------
      Total |      22 |       0 |   0.0 |      15 |       0 |   0.0
            +---------+---------+-------+---------+---------+-------
        D:1 |      18 |       0 |   0.0 |      12 |       0 |   0.0
        D:2 |       4 |       0 |   0.0 |       3 |       0 |   0.0
            +---------+---------+-------+---------+---------+-------
